 Dungeon Crawl Stone Soup version 0.28-a0-779-g3d1f99b579 (webtiles) character file.

Game seed: 8723395923204308581

99 HoaS the Twirler (level 4, -2/26 HPs)
             Began as a Gargoyle Gladiator on Nov 2, 2021.
             Frozen to death by an endoplasm (5 damage)
             ... on level 2 of the Dungeon.
             The game lasted 00:05:29 (1872 turns).

HoaS the Twirler (Gargoyle Gladiator)               Turns: 1872, Time: 00:05:29

Health: -2/26      AC: 10    Str: 18    XL:     4   Next: 72%
Magic:  4/4        EV: 11    Int:  9    God:
Gold:   148        SH:  0    Dex: 11    Spells: 3/3 levels left

rFire   + . .      SeeInvis .   a - +1 quarterstaff
rCold   . . .      Faith    .   (shield currently unavailable)
rNeg    + . .      Spirit   .   o - +0 ring mail
rPois   ∞          Reflect  .   c - +0 helmet
rElec   +          Harm     .   (no cloak)
rCorr   .          Rampage  .   (no gloves)
Will    .....                   n - +0 pair of boots
Stlth   +.........              (no amulet)
HPRegen 0.08/turn               g - ring of protection from fire
MPRegen 0.09/turn               (no ring)

@: no status effects
A: sickness immunity, AC +3, negative energy resistance 1, electricity
resistance, torment resistance 1, petrification resistance
a: no special abilities


You were on level 2 of the Dungeon.
You visited 1 branch of the dungeon, and saw 3 of its levels.

You collected 148 gold pieces.

Inventory:

Hand Weapons
 a - a +1 quarterstaff (weapon)
Missiles
 d - 3 throwing nets (quivered)
 i - 40 arrows
 m - 3 silver javelins
Armour
 c - a +0 helmet (worn)
 n - a +0 pair of boots (worn)
 o - a +0 ring mail (worn)
Jewellery
 g - a ring of protection from fire (left hand)
Scrolls
 e - a scroll of fog {unknown}
 h - 2 scrolls of identify
Potions
 b - a potion of might {unknown}
 j - 2 potions of mutation
 k - a potion of curing


   Skills:
 - Level 2.1 Fighting
 * Level 5.3 Staves
 - Level 1.7 Throwing
 - Level 2.4 Dodging


You had 3 spell levels left.
You didn't know any spells.
Your spell library was empty.

Dungeon Overview and Level Annotations

Branches:
Dungeon (3/15)

Altars:


Innate Abilities, Weirdness & Mutations

You are immune to sickness and miasma.
Your stone body is resilient. (AC +3)
You are immune to poison.
You resist negative energy. (rN+)
You are resistant to electric shocks. (rElec)
You are resistant to unholy torment.
You are immune to petrification.


Message History

Done exploring.
Done exploring.
Search for what [Enter for "armor", or ? for help]?
(D) Dungeon
Where to? (Enter - D:2, ? - help)
There is a stone staircase leading down here.
You climb downwards.
The endoplasm quivers. x2
Found a potion of curing.
There is a stone staircase leading up here.
There are monsters nearby!
The endoplasm freezes you.
You are frozen.
The endoplasm freezes you.
You are frozen.
There is a stone staircase leading up here.
The endoplasm freezes you.
You are frozen.
You climb upwards.
There is a stone staircase leading down here.
The endoplasm freezes you.
You are frozen.
The endoplasm freezes you.
You are frozen.
The endoplasm closely misses you.
You see here a +0 club.
You sock the endoplasm!
You kill the endoplasm!
The endoplasm freezes you.
You are frozen.
* * * LOW HITPOINT WARNING * * *
You barely miss the endoplasm. The endoplasm closely misses you.
You completely miss the endoplasm. The endoplasm freezes you.
You are frozen.
* * * LOW HITPOINT WARNING * * *
You hit the endoplasm but do no damage. The endoplasm freezes you.
You are frozen.
You die...

#.........#.# #)#
#........
#.........#.###.#
#########
#..........#.##.###
#.8.....8.###.....#
#..........#.##.#.#
#####.......###.#.#
######### #.#.#
#J#.# #@#.# #.#.#
######### #
#.......# #
#..†....# ########
#...#...### #.......
#..###..'.###.######
#...#...#...#.# #
#.......###.#.######


You could see an endoplasm.

Vanquished Creatures
  Robin (D:2)
  An adder (D:2)
  A worm (D:2)
  3 dart slugs (D:1)
  An orc (D:2)
  4 endoplasms
  3 giant cockroaches
  14 goblins
  7 hobgoblins
  4 jackals (D:1)
  2 quokkas (D:2)
  5 ball pythons (D:2)
  9 bats
  2 frilled lizards (D:1)
  2 kobolds
  6 rats
65 creatures vanquished.

Notes
Turn   | Place    | Note
-------+----------+-------------------------------------------
     0 | D:1      | HoaS the Gargoyle Gladiator began the quest for the Orb.
     0 | D:1      | Reached XP level 1. HP: 12/12 MP: 1/1
    54 | D:1      | Reached XP level 2. HP: 14/17 MP: 2/2
   223 | D:1      | Reached skill level 4 in Staves
   391 | D:1      | Reached XP level 3. HP: 20/21 MP: 3/3
   845 | D:2      | Found a faded altar of an unknown god.
   932 | D:2      | Reached XP level 4. HP: 7/26 MP: 4/4
  1379 | D:2      | Noticed Robin
  1384 | D:2      | Reached skill level 5 in Staves
  1465 | D:2      | Killed Robin
  1872 | D:2      | Frozen to death by an endoplasm

Illustrated notes

Levels and vault maps discovered:
D:1:      zelgadis_glass_arrival_small, layout_loops_corners, minmay_surrounded
D:2:      layout_loops_ring, chequers_ecumenical_altar_simple, chequers_jeans,
          st_stairs_1, kennysheep_generic_room_8, uniq_robin
D:3:      layout_rooms, serial_shops, shop

Skill      XL: |  1  2  3  4 |
---------------+-------------+-----
Staves         | 4 5 |  5.3
Fighting       | |  2.1
Throwing       | |  1.7
Dodging        | |  2.4

Action                   |  1- 3 |  4- 6 || total
-------------------------+-------+-------++-------
Melee: Quarterstaff      |   107 |    60 ||   167
  Use: Scroll            |       |     5 ||     5
Armor: Leather armour    |    48 |     2 ||    50
       Ring mail         |       |    41 ||    41
Dodge: Dodged            |    69 |    55 ||   124

Table legend: (Time is in decaauts)
 A = Elapsed time spent in this place.
 B = Non-inter-level travel time spent in this place.
 C = Inter-level travel time spent in this place.
 D = Time resting spent in this place.
 E = Time spent auto-exploring this place.
 F = Levels seen in this place.
 G = Mean time per level.
                   A        B        C        D        E       F      G
               +--------+--------+--------+--------+--------+-----+--------+
         Total |   1885 |   1826 |     59 |    231 |   1111 |   3 |  628.3 |
       Dungeon |   1885 |   1826 |     59 |    231 |   1111 |   3 |  628.3 |
               +--------+--------+--------+--------+--------+-----+--------+

Top non-repeatable levels by time:
     D:2: 1031 daAuts
     D:1: 850 daAuts
     D:3: 3 daAuts
